 Dungeon Crawl Stone Soup version 0.27.0-1-g7a089689b8 (webtiles) character file.

Game seed: 9118153730121289906

1642 jasper the Cleaver (level 8, -1/56 HPs)
             Began as a Demonspawn Warper on Aug 1, 2021.
             Was an Initiate of Ashenzari.
             Slain by a troll (14 damage)
             ... on level 7 of the Dungeon.
             The game lasted 00:11:54 (8377 turns).

jasper the Cleaver (Demonspawn Warper)              Turns: 8377, Time: 00:11:54

Health: -1/56      AC:  8    Str: 13    XL:     8   Next: 67%
Magic:  11/11      EV:  8    Int: 15    God:    Ashenzari [......]
Gold:   213        SH:  3    Dex: 13    Spells: 1/11 levels left

rFire    . . .     SeeInvis .   k - +0 war axe of Apeoromancy {Comp, Bglg} (curse)
rCold    . . .     Faith    .   u - +0 buckler
rNeg     . . .     Spirit   .   o - +0 scale mail
rPois    .         Reflect  .   (no helmet)
rElec    .         Harm     .   (no cloak)
rCorr    .         Rampage  .   (no gloves)
Will     .....                  (no boots)
Stlth    ..........             (no amulet)
HPRegen  0.18/turn              (no ring)
MPRegen  0.12/turn              t - +4 ring of slaying

@: no status effects
A: slimy green scales 1, demonic guardian 1, powered by death 1
a: Renounce Religion, Shatter the Chains


You were on level 7 of the Dungeon.
You worshipped Ashenzari.
Ashenzari was noncommittal.
You visited 2 branches of the dungeon, and saw 8 of its levels.

You collected 213 gold pieces.

Inventory:

Hand Weapons
 a - a +1 hand axe
 h - a +1 whip of electrocution
 k - the cursed +0 war axe of Apeoromancy (weapon) {Comp, Bglg}
   (You took it off an orc on level 4 of the Dungeon)

   It has a curse which improves the following skills: Companions: Summonings
   and Necromancy.
   Beguiling: Conjurations, Hexes and Translocations.
 m - a +2 mace of protection
 s - a +3 flail
 w - a +0 battleaxe
Missiles
 d - 5 boomerangs of dispersal
 g - 201 stones
 i - 14 poisoned darts (quivered)
 j - 5 boomerangs
Armour
 b - a +0 leather armour
 o - a +0 scale mail (worn)
 u - a +0 buckler (worn)
 x - a +2 plate armour of cold resistance
Jewellery
 r - a ring of ice
 t - a +4 ring of slaying (right hand)
Wands
 y - a wand of flame (16)
Scrolls
 c - 2 scrolls of blinking
 l - a scroll of amnesia
 q - 3 scrolls of teleportation
 v - a scroll of magic mapping
Potions
 e - a potion of mutation
 f - 4 potions of curing
 n - a potion of lignification
 p - a potion of flight


   Skills:
 + Level 2.2 Fighting
 - Level 10.1 Axes
 - Level 0.8 Throwing
 + Level 1.2 Armour
 - Level 1.7 Dodging
 + Level 0.7 Shields
 - Level 2.0 Spellcasting
 - Level 2.6(3.1) Translocations


You had one spell level left.
You knew the following spells:

 Your Spells              Type           Power      Damage    Failure   Level
a - Blink                 Tloc           N/A        N/A       56%         2
b - Teleport Other        Tloc           10%        N/A       80%         3
c - Mephitic Cloud        Conj/Pois/Air  1%         N/A       99%         3
d - Passwall              Tmut/Erth      0%         N/A       94%         2

Your spell library contained the following spells:

 Spells                   Type           Power      Damage    Failure   Level
 Foxfire                  Conj/Fire      4%         2x1d4     85%         1
 Sandblast                Erth           2%         2d4       85%         1
 Gell's Gravitas          Tloc           5%         N/A       80%         3
 Lesser Beckoning         Tloc           5%         N/A       80%         3
 Confusing Touch          Hex            1%         N/A       99%         3
 Conjure Flame            Conj/Fire      1%         6-21      99%         3
 Dazzling Flash           Conj/Hex       2%         N/A       99%         3
 Ignite Poison            Fire/Tmut/Pois 1%         N/A       99%         3
 Inner Flame              Hex/Fire       1%         N/A       99%         3
 Iskenderun's Mystic Bla  Conj/Tloc      6%         2d4       100%        4
 Leda's Liquefaction      Hex/Erth       0%         N/A       100%        4
 Summon Lightning Spire   Summ/Air       1%         N/A       100%        4
 Bolt of Magma            Conj/Fire/Erth 0%         4d4       100%        5
 Lee's Rapid Deconstruct  Erth           0%         3d5*      100%        5
 Manifold Assault         Tloc           10%        N/A       100%        5
 Conjure Ball Lightning   Conj/Air       0%         3x3d6     100%        6
 Discord                  Hex            0%         N/A       100%        8
 Disjunction              Tloc           5%         N/A       100%        8


Dungeon Overview and Level Annotations

Branches:
Dungeon (7/15)             Temple (1/1) D:6

Altars:
Ashenzari
Cheibriados
Dithmenos
Elyvilon
Fedhas
Gozag
Hepliaklqana
Kikubaaqudgha
Makhleb
Okawaru
Sif Muna
Trog
Vehumet
Wu Jian
Xom
Yredelemnul
Zin
The Shining One

Annotations:
D:6 Maggie


Innate Abilities, Weirdness & Mutations

You are partially covered in slimy green scales. (AC +2)
A weak demonic guardian rushes to your aid.
You regenerate a little health from kills.


Message History

The hornet zombie hits you!
A demonic guardian appears!
You slash the hornet zombie!
The hornet zombie is almost destroyed.
You block the hornet zombie's attack.
Your shadow imp hits the hornet zombie.
The hornet zombie is destroyed!
Your Armour skill increases to level 1!
Your shadow imp disappears in a puff of smoke!
You see here a potion of degeneration.
Found a +0 long sword.
You see here a +0 long sword.
A troll comes into view.
The troll shouts!
A troll is nearby!
A troll is nearby!
Found a potion of curing.
You throw a poisoned dart.
The poisoned dart barely misses the troll.
You throw a poisoned dart. The poisoned dart hits the troll.
You throw a poisoned dart.
The poisoned dart closely misses the troll.
The troll bites you but does no damage. The troll claws you. x2
You hit the troll.
The troll is lightly wounded.
The troll barely misses you. x2; The troll closely misses you.
You slash the troll!
The troll is lightly wounded.
The troll bites you. The troll closely misses you. The troll barely misses you.
You closely miss the troll.
The troll is lightly wounded.
The troll bites you!
A demonic guardian appears!
The troll claws you! You block the troll's attack.
You closely miss the troll.
The troll is lightly wounded.
You block the troll's attack. The troll claws you!
* * * LOW HITPOINT WARNING * * *
The troll claws you but does no damage.
You slash the troll!
The troll is heavily wounded.
The troll bites you!
You die...

...# .....
#.... #...#
#..# ###..#
#######.5.# #
#(..(.T@..##
#.
!.######...###
#.# #.....##
#..#
###).....##
#..##
##...###...#
#..# #...##
#..# #.. #..##
#..#######..
#..#
#..........
#..###
#....^.....


You could see a troll (ally target) and a friendly iron imp (summoned).

Vanquished Creatures
  A water moccasin (Temple)
  3 ice beasts
  An orc warrior (D:6)
  2 phantoms
  A water moccasin zombie (D:5)
  A wyvern skeleton (D:3)
  3 wights (D:6)
  A howler monkey (D:7)
  A bullfrog zombie (D:6)
  A hound (D:5)
  A jelly (D:4)
  A centaur skeleton (D:7)
  2 bullfrog skeletons
  3 iguanas
  2 orc wizards
  A scorpion zombie (D:5)
  Natasha (thrice) (D:3)
  A killer bee zombie (D:4)
  A hound zombie (D:5)
  A hound skeleton (D:4)
  A gnoll (D:4)
  7 adders
  A shadow imp (D:5)
  2 white imps
  2 ufetubi
  An adder zombie (D:5)
  An adder skeleton (D:4)
  5 dart slugs
  9 orcs
  7 ball pythons
  6 endoplasms
  3 giant cockroaches
  8 goblins
  10 hobgoblins
  7 jackals
  7 quokkas
  A bat (D:2)
  A frilled lizard (D:1)
  4 kobolds
  3 rats
117 creatures vanquished.

Vanquished Creatures (collateral kills)
  A hornet zombie (D:7)
  2 gnolls (D:4)
  An adder (D:3)
  An endoplasm (D:3)
5 creatures vanquished.

Vanquished Creatures (others)
  A plant (D:6)
1 creature vanquished.

Grand Total: 123 creatures vanquished

Notes
Turn   | Place    | Note
-------+----------+-------------------------------------------
     0 | D:1      | jasper the Demonspawn Warper began the quest for the Orb.
     0 | D:1      | Reached XP level 1. HP: 16/16 MP: 3/3
    24 | D:1      | Reached skill level 2 in Axes
   195 | D:1      | Gained mutation: A weak demonic guardian rushes to your
                  | aid. [demonic ancestry]
   195 | D:1      | Reached XP level 2. HP: 21/22 MP: 5/5
   542 | D:1      | Reached skill level 3 in Axes
   715 | D:1      | You fall into a shaft and drop 1 floor!
   830 | D:2      | Gained mutation: You are partially covered in slimy green
                  | scales. (AC +2) [demonic ancestry]
   830 | D:2      | Reached XP level 3. HP: 27/27 MP: 6/6
   993 | D:2      | Found a shimmering altar of Xom.
  1349 | D:3      | Noticed an ice beast
  1418 | D:2      | Killed an ice beast
  1419 | D:2      | Reached skill level 4 in Axes
  1419 | D:2      | Reached XP level 4. HP: 19/33 MP: 7/7
  1641 | D:3      | Reached XP level 5. HP: 34/38 MP: 8/8
  1851 | D:3      | Noticed a necrophage
  2192 | D:3      | Reached skill level 5 in Axes
  2364 | D:4      | Noticed a phantom
  2395 | D:3      | Killed a phantom
  2685 | D:3      | Noticed Natasha
  2695 | D:3      | Killed Natasha
  2696 | D:3      | Reached XP level 6. HP: 37/44 MP: 9/9
  2737 | D:3      | Noticed Natasha
  2745 | D:3      | Killed Natasha
  2746 | D:3      | Reached skill level 6 in Axes
  2921 | D:3      | Found an ancient bone altar of Kikubaaqudgha.
  2944 | D:3      | Noticed Natasha
  2979 | D:3      | Killed Natasha
  3307 | D:3      | Learned a level 2 spell: Blink
  3311 | D:3      | Learned a level 3 spell: Teleport Other
  3315 | D:3      | Learned a level 3 spell: Mephitic Cloud
  3897 | D:4      | Reached skill level 7 in Axes
  4140 | D:4      | Gained mutation: You regenerate a little health from kills.
                  | [demonic ancestry]
  4140 | D:4      | Reached XP level 7. HP: 50/50 MP: 10/10
  4193 | D:4      | Got the Guide on the Dislocated Birds
  4254 | D:4      | Found a burning altar of Makhleb.
  4681 | D:4      | Learned a level 2 spell: Passwall
  5256 | D:5      | Entered Level 5 of the Dungeon
  5350 | D:5      | Found a shadowy altar of Dithmenos.
  5421 | D:5      | Found a broken altar of Ashenzari.
  5475 | D:5      | Became a worshipper of Ashenzari the Shackled
  5507 | D:5      | Reached skill level 8 in Axes
  5712 | D:5      | Identified Doyph's Collected Works on Flying Malediction
  6508 | D:6      | Reached XP level 8. HP: 36/56 MP: 11/11
  6889 | D:6      | Reached skill level 9 in Axes
  7118 | D:6      | Found a staircase to the Ecumenical Temple.
  7145 | Temple   | Entered the Ecumenical Temple
  7498 | D:6      | Noticed Maggie
  8179 | D:7      | Reached skill level 10 in Axes
  8199 | D:7      | Reached skill level 1 in Armour
  8368 | D:7      | Noticed a troll
  8377 | D:7      | Slain by a troll

Illustrated notes

Levels and vault maps discovered:
D:1:      minmay_arrival_four_circles, layout_loops_ring, serial_shops,
          nicolae_shop_overgrown_old_shop,
          dreamdust_ecumenical_altar_angels_and_demons, minmay_surrounded
D:2:      layout_basic, serial_curves, eino_curves_01, eino_curves_04,
          eino_curves_04, basic_altar
D:3:      layout_basic, nicolae_kikubaaqudgha_miasma_corner, solitary_fountain,
          uniq_natasha
D:4:      minmay_octagon_keep, layout_loops_corners,
          mainiacjoe_overflow_cross_hatched
D:5:      layout_rooms, nicolae_dithmenos_shadow_blocks,
          mainiacjoe_overflow_boulevard, kennysheep_nub
D:6:      layout_loops_corners, mainiacjoe_overflow_alcove_4,
          minmay_temple_entry_ruins, serial_bayou, serial_bayou_pond_a,
          serial_bayou_pond_d, serial_bayou_pond_e, serial_bayou_shore_a,
          uniq_maggie, uniq_blork_the_orc
D:7:      layout_layer_cave, nicolae_underground_beach
Temple:   dshaligram_water_room_temple

Skill      XL: |  1  2  3  4  5  6  7  8 |
---------------+-------------------------+-----
Axes           | 2 3 4 5 7 8 10 | 10.1
Armour         | 1 |  1.2
Fighting       | |  2.2
Throwing       | |  0.8
Dodging        | |  1.7
Shields        | |  0.7
Spellcasting   | |  2.0
Translocations | |  2.6

Action                   |  1- 3 |  4- 6 |  7- 9 || total
-------------------------+-------+-------+-------++-------
Melee: Hand axe          |    97 |   168 |       ||   265
       Whip              |       |    43 |     4 ||    47
       War axe           |       |       |   199 ||   199
Throw: Stone             |    12 |       |       ||    12
       Dart              |    15 |    28 |    24 ||    67
Invok: Curse Item        |       |       |     1 ||     1
  Use: Scroll            |     5 |     2 |     2 ||     9
       Potion            |     2 |     6 |     1 ||     9
Armor: Leather armour    |    21 |       |       ||    21
       Scale mail        |     5 |   113 |    98 ||   216
       Skin              |       |     9 |       ||     9
Dodge: Dodged            |    46 |    87 |    76 ||   209
Block: Buckler           |       |       |    17 ||    17
